 Dungeon Crawl Stone Soup version 0.30.0-29-ga12c61a403 (webtiles) character file.

Game seed: 8601180502855139992

36982 qw the Cleaver (level 13, -6/82 HPs)
             Began as a Gargoyle Fighter on June 3, 2023.
             Was an Elder of Okawaru.
             Mangled by a hog (11 damage)
             ... led by Kirke
             ... on level 4 of the Lair of Beasts.
             The game lasted 00:06:57 (11721 turns).

qw the Cleaver (Gargoyle Fighter)                  Turns: 11721, Time: 00:06:57

Health: -6/82      AC:  0    Str: 26    XL:     13   Next: 93%
Magic:  19/20      EV: 16    Int:  8    God:    Okawaru [****..]
Gold:   788        SH:  5    Dex:  9    Spells: 12/12 levels left

rFire   . . .        e - melded +8 hand axe (vamp)
rCold   . . .        i - melded +0 kite shield
rNeg    + . .        h - melded +2 plate armour
rPois   inf          b - melded +0 helmet
rElec   .            (cloak currently unavailable)
rCorr   .            f - melded +3 pair of gauntlets of War {Slay+5}
SInv    .            g - melded +2 pair of boots
Will    .....        l - amulet of reflection
Stlth   +++          u - melded +5 ring of evasion
HPRegen 0.33/turn    c - melded ring of see invisible
MPRegen 0.17/turn

%: reflection
@: about to teleport, pig-form, heroic, slowed
A: fast, no casting, sickness immunity, AC +9, small, negative energy resistance
1, (electricity resistance), torment resistance 1, petrification resistance
a: Renounce Religion, Heroism, Finesse


You were on level 4 of the Lair of Beasts.
You worshipped Okawaru.
Okawaru was greatly pleased with you.
You were a filthy swine.
You visited 3 branches of the dungeon, and saw 15 of its levels.

You collected 953 gold pieces.
You spent 165 gold pieces at shops.


Innate Abilities, Weirdness & Mutations

You are a filthy swine.
You move quickly.
Your equipment is almost entirely melded.
You are incapable of wielding weapons or throwing items.
You cannot cast spells.
You are immune to sickness and miasma.
((Your stone body is resilient. (AC +9)))
You are immune to poison.
You resist negative energy. (rN+)
((You are resistant to electric shocks. (rElec)))
You are resistant to unholy torment.
You are immune to petrification.


   Skills:
 - Level 10.2(15.2) Fighting
 + Level 13.9(18.9) Axes
 - Level 2.0(7.0) Throwing
 - Level 10.0(15.0) Armour
 - Level 2.7(7.7) Dodging
 - Level 11.0(16.0) Shields
 - Level 10.0 Invocations


You had 12 spell levels left.
You didn't know any spells.
Your spell library was empty.

Inventory:

Hand Weapons
 e - a +8 vampiric hand axe (melded)
 r - a -1 demon whip of venom
 x - a +1 heavy war axe
Armour
 b - a +0 helmet (melded)
 f - the +3 pair of gauntlets of War (melded) {Slay+5}
   (You acquired it on level 1 of the Dungeon)

   Slay:      It affects your accuracy & damage with ranged weapons and melee
   (+5).
 g - a +2 pair of boots (melded)
 h - a +2 plate armour (melded)
 i - a +0 kite shield (melded)
 n - the +1 leather armour of Zacih {rElec rC+ rCorr}
   (You found it on level 10 of the Dungeon)

   rC:        It protects you from cold.
   rElec:     It insulates you from electricity.
   rCorr:     It protects you from acid and corrosion.
Jewellery
 c - a ring of see invisible (melded)
 l - an amulet of reflection (around neck)
 q - a +4 ring of protection
 u - a +5 ring of evasion (melded)
Wands
 p - a wand of digging (8)
Scrolls
 o - 8 scrolls of teleportation
 v - 9 scrolls of identify
Potions
 a - a potion of heal wounds
 d - 5 potions of might
 j - 4 potions of lignification
 k - 5 potions of curing
 m - 5 potions of haste

Dungeon Overview and Level Annotations

Branches:
Dungeon (10/15)            Temple (1/1) D:5            Lair (4/5) D:10
  Swamp (0/4) Lair:2        Snake (0/4) Lair:3        Slime (0/5) Lair:4
    Orc (0/2) D:10

Altars:
Ashenzari
Cheibriados
Dithmenos
Elyvilon
Fedhas
Gozag
Hepliaklqana
Kikubaaqudgha
Makhleb
Nemelex Xobeh
Okawaru
Qazlal
Ru
Sif Muna
Trog
Uskayaw
Vehumet
Wu Jian
Xom
Yredelemnul
Zin
The Shining One

Shops:
D:1 *   D:4 ?

Portals:
Bailey: D:9

Annotations:
D:7 2 transporters
D:9 2 transporters, qw's ghost, journeyman GrFi
Lair:4 Josephine; Kirke


Message History

Your +8 vampiric hand axe melds into your body.
Your +0 helmet melds into your body.
The +3 pair of gauntlets of War {Slay+5} melds into your body.
Your +2 pair of boots melds into your body.
Your +0 kite shield melds into your body.
Your +2 plate armour melds into your body.
Your +5 ring of evasion melds into your body.
Your ring of see invisible melds into your body.
You feel the dreadful sensation subside.
The wraith hits you! The wraith drains your vigour!
You feel yourself slow down.
You closely miss the wraith.
The wraith is lightly damaged.
The hog bites you! The hog barely misses you.
You closely miss the hog.
The hog is lightly wounded.
The hog bites you!
Kirke drinks a potion.
Kirke suddenly seems more resistant.
The wraith misses you. The hog barely misses you. You block the hog's attack.
You bite the hog!
The hog is moderately wounded.
The hog closely misses you. Josephine closely misses you.
The wraith completely misses you. The hog closely misses you.
The hog barely misses you. The wraith hits you! The wraith drains your vigour!
You feel as though you will be slow longer.
Josephine closely misses you. You block the wraith's attack.
The hog barely misses you.
Kirke mumbles some strange words.
Kirke flickers and vanishes!
Deactivating autopickup; reactivate with Ctrl-A.
You bite the hog!
The hog is heavily wounded.
The hog closely misses you. The hog bites you! The hog bites you.
The hog completely misses you. The wraith completely misses you.
The wraith hits you! The wraith drains your vigour!
You feel as though you will be slow longer.
Josephine closely misses you.
11721 ||| READING 9 scrolls of teleportation.
As you read the scroll of teleportation, it crumbles to dust.
You feel strangely unstable. The hog misses you. The hog bites you! x2
You die...

......
...................
......
........................
......
........................
......
........................
......
........................
......
.......###.+..#......#.#
.....# ##.....
###P_P......###. ......
#....hh##...P.#...... ..
.....#
#...hhhW...###>.....
....#. +....lhW@...#
....P .....#
##....W#...## ....
....## #.....###..# ...
.....# .P..... ..P#
...... ....... ..@...
...... ....... .......
....... .......


You could see Josephine, a komodo dragon, 5 hogs and 3 wraiths.

Vanquished Creatures
  An anaconda (Lair:2)
  3 boulder beetles
  2 two-headed ogres (D:10)
  9 death yaks
  Amaemon (D:8)
  A fire crab (Lair:2)
  A skyshark (Lair:1)
  A bog body (Lair:3)
  Pikel (D:8)
  An oklob plant (Lair:4)
  A lindwurm (Lair:2)
  2 manticores (Lair:2)
  4 elephants (Lair:4)
  4 black mambas
  11 cane toads
  An orange demon (D:8)
  An ice statue (Lair:3)
  Maggie (D:7)
  A torpor snail (Lair:2)
  A rime drake (Lair:3)
  5 kobold demonologists (D:9)
  3 komodo dragons
  An ice devil (Lair:3)
  A troll (D:10)
  3 polar bears (Lair:3)
  9 blink frogs (Lair:2)
  A shadow (D:10)
  Sigmund (D:5)
  2 wyverns (Lair:2)
  21 yaks
  Grum (D:8)
  3 basilisks (Lair:2)
  4 steam dragons
  A vampire mosquito (D:10)
  A harpy simulacrum (Lair:3)
  2 swamp worms (Lair:2)
  Edmund (D:5)
  11 water moccasins
  8 orc warriors
  2 ice beasts
  4 black bears
  2 sky beasts
  An ogre (D:5)
  10 wolves
  2 centaurs
  2 phantoms
  6 kobold brigands
  14 bullfrogs
  3 scorpions
  3 two-headed ogre simulacra (Lair:3)
  4 electric eels
  3 howler monkeys
  4 hounds
  11 orc priests
  2 iguanas (D:5)
  11 orc wizards
  A sleepcap (D:7)
  9 hell rats
  A troll simulacrum (Lair:3)
  A spriggan simulacrum (Lair:3)
  4 gnolls
  6 river rats (Lair:1)
  An adder (D:2)
  2 shadow imps
  5 white imps
  An ufetubus (D:5)
  4 worms
  A dart slug (D:3)
  36 orcs
  10 ball pythons
  7 endoplasms
  6 giant cockroaches
  5 goblins
  3 hobgoblins
  4 jackals (D:3)
  5 quokkas
  3 frilled lizards
  38 kobolds
  7 rats
371 creatures vanquished.

Vanquished Creatures (others)
  A kobold brigand (D:9)
  An orc wizard (D:6)
2 creatures vanquished.

Grand Total: 373 creatures vanquished

Notes
Turn   | Place    | Note
-------+----------+-------------------------------------------
     0 | D:1      | qw the Gargoyle Fighter began the quest for the Orb.
     0 | D:1      | Reached XP level 1. HP: 14/14 MP: 1/1
     0 | D:1      | 0 ||| qw: Version: 0.2-a-103-g3a7daa1
     0 | D:1      | 0 ||| qw: Game counter: 962
     0 | D:1      | 0 ||| qw: Always use a shield: true
     0 | D:1      | 0 ||| qw: God list: Okawaru
     0 | D:1      | 0 ||| qw: Allow faded altars: false
     0 | D:1      | 0 ||| qw: Do Orc after D:15 true
     0 | D:1      | 0 ||| qw: Do second Lair branch before Depths: true
     0 | D:1      | 0 ||| qw: Lair rune preference: random
     0 | D:1      | 0 ||| qw: Plans: Normal, Zot:1-4, Slime:5, God:TSO, Crypt,
                  | Tomb, Pan, Hells, Abyss, Win
     0 | D:1      | 0 ||| PLANNING D:1-11
    53 | D:1      | Found Anaireokk's Assorted Antiques.
    60 | D:1      | 60 ||| SHOPLISTING amethyst potion (21 gold, have 0).
    60 | D:1      | 60 ||| SHOPLISTING scroll labelled FIOCWA YTAMOAMI (24
                  | gold, have 0).
    60 | D:1      | 60 ||| SHOPLISTING scroll labelled FOUWKUGOPTESH (24 gold,
                  | have 0).
    60 | D:1      | 60 ||| SHOPLISTING scroll labelled NAORESOMOI (24 gold,
                  | have 0).
    60 | D:1      | 60 ||| SHOPLISTING scroll labelled ZIUJAGGIOP (24 gold,
                  | have 0).
    72 | D:1      | 72 ||| SWAPPING to +2 vampiric hand axe.
   120 | D:1      | Reached skill level 2 in Axes
   243 | D:1      | 243 ||| Stepping ~*~*~tactically~*~*~ (hiding).
   244 | D:1      | 244 ||| Stepping ~*~*~tactically~*~*~ (hiding).
   600 | D:1      | Reached XP level 2. HP: 19/19 MP: 2/2
   602 | D:1      | Found a faded altar of an unknown god.
   704 | D:1      | You fall into a shaft and drop 1 floor!
   781 | D:2      | Found an ancient bone altar of Kikubaaqudgha.
   843 | D:2      | 843 ||| FLEEEEING.
   844 | D:2      | 844 ||| FLEEEEING.
   845 | D:2      | 845 ||| FLEEEEING.
   846 | D:2      | 846 ||| FLEEEEING.
   847 | D:2      | 847 ||| FLEEEEING.
   848 | D:2      | 848 ||| FLEEEEING.
   849 | D:2      | 849 ||| STAIRDANCE
  1118 | D:1      | 1118 ||| READING scroll labelled NUGYFA GUDOZXOF.
  1119 | D:1      | 1119 ||| READING scroll labelled ESMUFASEQU.
  1120 | D:1      | 1120 ||| READING scroll labelled ETACEN QEIPP.
  1121 | D:1      | 1121 ||| READING scroll labelled INEPAI QUKLI.
  1121 | D:1      | Identified a scroll of acquirement
  1121 | D:1      | 1121 ||| ACQUIRING +3 pair of gauntlets of War {Slay+5}
  1121 | D:1      | Acquired the +3 pair of gauntlets of War {Slay+5}
  1121 | D:1      | Found the +3 pair of gauntlets of War {Slay+5}
  1123 | D:1      | 1123 ||| UPGRADING to +3 pair of gauntlets of War {Slay+5}.
  1128 | D:1      | 1128 ||| READING 2 scrolls labelled FIOCWA YTAMOAMI.
  1133 | D:1      | 1133 ||| READING scroll labelled ZIUJAGGIOP.
  1134 | D:1      | 1134 ||| READING scroll labelled QUUNKOESANN.
  1135 | D:1      | 1135 ||| READING 2 scrolls labelled RIH ZUSMOBA.
  1136 | D:1      | 1136 ||| READING scroll of enchant weapon.
  1136 | D:1      | 1136 ||| ENCHANTING +2 vampiric hand axe.
  1304 | D:2      | Reached skill level 3 in Axes
  1304 | D:2      | Reached XP level 3. HP: 23/23 MP: 3/3
  1527 | D:2      | Reached XP level 4. HP: 28/28 MP: 4/4
  1546 | D:2      | 1546 ||| Stepping ~*~*~tactically~*~*~ (stealth).
  1561 | D:2      | Reached skill level 4 in Axes
  1711 | D:2      | 1711 ||| READING scroll labelled XEAPTEALYWN.
  1814 | D:3      | 1814 ||| Stepping ~*~*~tactically~*~*~ (hiding).
  1833 | D:3      | Reached XP level 5. HP: 32/32 MP: 5/5
  1835 | D:3      | 1835 ||| DROPPING +0 whip.
  1858 | D:3      | 1858 ||| DROPPING +0 whip of venom.
  1884 | D:3      | 1884 ||| Stepping ~*~*~tactically~*~*~ (stealth).
  1885 | D:3      | 1885 ||| Stepping ~*~*~tactically~*~*~ (stealth).
  2159 | D:3      | 2159 ||| Stepping ~*~*~tactically~*~*~ (stealth).
  2162 | D:3      | 2162 ||| Stepping ~*~*~tactically~*~*~ (hiding).
  2449 | D:3      | 2449 ||| UPGRADING to amulet of reflection.
  2454 | D:3      | 2454 ||| READING 2 scrolls labelled LEAS WEEG VUSS.
  2455 | D:3      | 2455 ||| DRINKING 2 fizzy white potions.
  2620 | D:4      | Found Agigi's Magic Scroll Boutique.
  2634 | D:4      | Reached skill level 5 in Axes
  2666 | D:4      | 2666 ||| BUYING 3 scrolls of teleportation (99 gold).
  2666 | D:4      | Bought 3 scrolls of teleportation for 99 gold pieces
  2666 | D:4      | 2666 ||| SHOPLISTING scroll of enchant armour (82 gold,
                  | have 80).
  2666 | D:4      | 2666 ||| BUYING scroll of identify (22 gold).
  2666 | D:4      | Bought a scroll of identify for 22 gold pieces
  2666 | D:4      | 2666 ||| BUYING scroll of identify (22 gold).
  2666 | D:4      | Bought a scroll of identify for 22 gold pieces
  2666 | D:4      | 2666 ||| BUYING scroll of identify (22 gold).
  2666 | D:4      | Bought a scroll of identify for 22 gold pieces
  2666 | D:4      | 2666 ||| SHOPLISTING scroll of identify (22 gold, have 14).
  2666 | D:4      | 2666 ||| SHOPLISTING scroll of teleportation (33 gold, have
                  | 14).
  2681 | D:4      | Reached skill level 1 in Throwing
  2749 | D:4      | 2749 ||| READING scroll of enchant weapon.
  2749 | D:4      | 2749 ||| ENCHANTING +3 vampiric hand axe.
  2966 | D:4      | Reached XP level 6. HP: 36/37 MP: 6/6
  3003 | D:4      | Identified the staff of death "Wiuss" {rN+ Dex+5}
  3079 | D:4      | 3079 ||| UPGRADING to +0 kite shield.
  3089 | D:4      | 3089 ||| DROPPING +0 buckler.
  3090 | D:4      | 3090 ||| UPGRADING to +0 chain mail.
  3100 | D:4      | 3100 ||| DROPPING +0 scale mail.
  3101 | D:4      | 3101 ||| READING scroll labelled JIEVVU DAZI.
  3102 | D:4      | 3102 ||| READING scroll labelled DEIJUDI WUTE.
  3103 | D:4      | 3103 ||| READING 6 scrolls of identify.
  3103 | D:4      | 3103 ||| IDENTIFYING red potion
  3104 | D:4      | 3104 ||| READING 5 scrolls of identify.
  3104 | D:4      | 3104 ||| IDENTIFYING cyan potion
  3105 | D:4      | 3105 ||| READING 4 scrolls of identify.
  3105 | D:4      | 3105 ||| IDENTIFYING viscous sapphire potion
  3106 | D:4      | 3106 ||| READING 3 scrolls of identify.
  3106 | D:4      | 3106 ||| IDENTIFYING green potion
  3107 | D:4      | 3107 ||| READING 2 scrolls of identify.
  3107 | D:4      | 3107 ||| IDENTIFYING metallic sapphire potion
  3108 | D:4      | 3108 ||| DROPPING potion of ambrosia.
  3109 | D:4      | 3109 ||| DROPPING potion of magic.
  3110 | D:4      | 3110 ||| DROPPING potion of brilliance.
  3127 | D:5      | Entered Level 5 of the Dungeon
  3160 | D:5      | 3160 ||| Stepping ~*~*~tactically~*~*~ (hiding).
  3184 | D:5      | 3184 ||| Stepping ~*~*~tactically~*~*~ (stealth).
  3204 | D:5      | Found a staircase to the Ecumenical Temple.
  3205 | D:5      | 3205 ||| PLANNING TEMPLE
  3213 | Temple   | Entered the Ecumenical Temple
  3418 | Temple   | 3418 ||| PLANNING D:1-11
  3567 | D:5      | Noticed Sigmund
  3590 | D:5      | Killed Sigmund
  3591 | D:5      | Reached XP level 7. HP: 21/44 MP: 7/7
  3690 | D:5      | Noticed Edmund
  3708 | D:5      | Killed Edmund
  3747 | D:5      | Reached skill level 6 in Axes
  3747 | D:5      | Reached XP level 8. HP: 49/49 MP: 8/8
  3770 | D:5      | Reached skill level 6 in Shields
  3843 | D:5      | Reached skill level 1 in Dodging
  4012 | D:5      | 4012 ||| UPGRADING to +0 pair of boots.
  4017 | D:5      | 4017 ||| READING 3 scrolls of enchant armour.
  4017 | D:5      | 4017 ||| ENCHANTING +0 pair of boots.
  4018 | D:5      | 4018 ||| READING 2 scrolls of enchant armour.
  4018 | D:5      | 4018 ||| ENCHANTING +1 pair of boots.
  4019 | D:5      | 4019 ||| UPGRADING to +4 ring of protection.
  4020 | D:5      | 4020 ||| UPGRADING to ring of see invisible.
  4352 | D:6      | Identified the +4 hand axe of Heler {speed, Stlth+}
  4354 | D:6      | 4354 ||| DROPPING +4 hand axe of Heler {speed, Stlth+}.
  4377 | D:6      | Reached skill level 7 in Axes
  4398 | D:6      | Found a hazy altar of Hepliaklqana.
  4398 | D:6      | Found an opulent altar of Gozag.
  4486 | D:6      | 4486 ||| READING scroll of enchant weapon.
  4486 | D:6      | 4486 ||| ENCHANTING +4 vampiric hand axe.
  4519 | D:6      | 4519 ||| DROPPING +0 war axe.
  4552 | D:6      | 4552 ||| READING scroll of enchant weapon.
  4552 | D:6      | 4552 ||| ENCHANTING +5 vampiric hand axe.
  4566 | D:6      | 4566 ||| Stepping ~*~*~tactically~*~*~ (hiding).
  4567 | D:6      | 4567 ||| Stepping ~*~*~tactically~*~*~ (hiding).
  4587 | D:6      | Found a shimmering blue altar of Sif Muna.
  4598 | D:6      | 4598 ||| DRINKING 4 potions of curing.
  4598 | D:6      | 4598 ||| (to cure confusion)
  4601 | D:6      | Reached XP level 9. HP: 54/54 MP: 9/9
  4734 | D:6      | 4734 ||| DRINKING 2 amethyst potions.
  4735 | D:6      | 4735 ||| READING 6 scrolls of identify.
  4735 | D:6      | 4735 ||| IDENTIFYING smoky golden potion
  4736 | D:6      | 4736 ||| DROPPING potion of invisibility.
  4745 | D:7      | Noticed Maggie
  4752 | D:7      | HP: 10/54 [Maggie/+2 heavy glaive (32)]
  4753 | D:7      | 4753 ||| READING 6 scrolls of teleportation.
  4754 | D:7      | 4754 ||| DRINKING potion of heal wounds.
  4793 | D:7      | Reached skill level 8 in Axes
  4859 | D:7      | Found a transporter.
  4867 | D:7      | Found a transporter.
  4878 | D:7      | 4878 ||| Stepping ~*~*~tactically~*~*~ (hiding).
  4887 | D:7      | Killed Maggie
  4888 | D:7      | Reached skill level 6 in Fighting
  5035 | D:7      | 5035 ||| Stepping ~*~*~tactically~*~*~ (hiding).
  5072 | D:7      | Reached skill level 9 in Axes
  5139 | D:7      | 5139 ||| Stepping ~*~*~tactically~*~*~ (stealth).
  5142 | D:7      | 5142 ||| Stepping ~*~*~tactically~*~*~ (hiding).
  5153 | D:7      | Reached XP level 10. HP: 63/63 MP: 10/10
  5281 | D:7      | 5281 ||| Stepping ~*~*~tactically~*~*~ (stealth).
  5289 | D:7      | 5289 ||| Stepping ~*~*~tactically~*~*~ (stealth).
  5291 | D:7      | 5291 ||| Stepping ~*~*~tactically~*~*~ (hiding).
  5376 | D:7      | 5376 ||| UPGRADING to +0 plate armour.
  5393 | D:7      | 5393 ||| UPGRADING to +0 plate armour.
  5398 | D:7      | 5398 ||| DROPPING +0 chain mail.
  5399 | D:7      | 5399 ||| READING scroll of enchant armour.
  5399 | D:7      | 5399 ||| ENCHANTING +0 plate armour.
  5620 | D:8      | 5620 ||| Stepping ~*~*~tactically~*~*~ (stealth).
  5676 | D:8      | Reached skill level 6 in Armour
  5796 | D:8      | 5796 ||| READING scroll of enchant weapon.
  5796 | D:8      | 5796 ||| ENCHANTING +6 vampiric hand axe.
  5798 | D:8      | Noticed Pikel
  5798 | D:8      | Noticed an orange demon
  5799 | D:8      | Noticed Amaemon
  5806 | D:8      | Killed Pikel
  5807 | D:8      | Reached skill level 9 in Shields
  5809 | D:8      | Killed an orange demon
  5834 | D:8      | Killed Amaemon
  5835 | D:8      | Reached skill level 10 in Axes
  5865 | D:8      | 5865 ||| DROPPING +0 flail.
  5892 | D:8      | Found a broken altar of Ashenzari.
  5895 | D:8      | Found a shadowy altar of Dithmenos.
  5898 | D:8      | Found a burning altar of Makhleb.
  5901 | D:8      | Found a bloodstained altar of Trog.
  5932 | D:8      | 5932 ||| Stepping ~*~*~tactically~*~*~ (stealth).
  6058 | D:8      | Noticed Grum
  6065 | D:8      | 6065 ||| Stepping ~*~*~tactically~*~*~ (stealth).
  6070 | D:8      | 6070 ||| Stepping ~*~*~tactically~*~*~ (stealth).
  6071 | D:8      | 6071 ||| Stepping ~*~*~tactically~*~*~ (stealth).
  6076 | D:8      | 6076 ||| Stepping ~*~*~tactically~*~*~ (hiding).
  6086 | D:8      | 6086 ||| Stepping ~*~*~tactically~*~*~ (hiding).
  6097 | D:8      | Killed Grum
  6112 | D:8      | 6112 ||| Stepping ~*~*~tactically~*~*~ (stealth).
  6114 | D:8      | 6114 ||| Stepping ~*~*~tactically~*~*~ (stealth).
  6167 | D:8      | 6167 ||| Stepping ~*~*~tactically~*~*~ (cloud).
  6506 | D:8      | 6506 ||| DRINKING 2 dark potions.
  6507 | D:8      | 6507 ||| DROPPING potion of degeneration.
  6576 | D:9      | 6576 ||| Stepping ~*~*~tactically~*~*~ (hiding).
  6587 | D:9      | Reached XP level 11. HP: 68/68 MP: 11/11
  6623 | D:9      | Noticed a sun demon
  6631 | D:9      | Noticed a sixfirhy
  6635 | D:9      | Noticed a sixfirhy
  6638 | D:9      | Noticed a sixfirhy
  6643 | D:9      | 6643 ||| DRINKING potion of cancellation.
  6650 | D:9      | Noticed a sun demon
  6715 | D:9      | Found a flagged portal.
  6722 | D:9      | Identified the +8 spear "Buceat" {freeze, rC+++ rN+ rCorr
                  | Int-3}
  6760 | D:9      | Found a transporter.
  6763 | D:9      | Identified the +2 great mace of Eternal Vigilance
                  | {antimagic, rPois Str+3 Stlth+}
  6763 | D:9      | Noticed a two-headed ogre
  6763 | D:9      | Noticed a two-headed ogre
  6763 | D:9      | Noticed qw's ghost (journeyman GrFi)
  6764 | D:9      | Found a transporter.
  6766 | D:9      | Noticed a two-headed ogre
  6796 | D:9      | Found an iron altar of Okawaru.
  6797 | D:9      | 6797 ||| PLANNING OKAWARU WORSHIP
  6804 | D:9      | Became a worshipper of Warmaster Okawaru
  6804 | D:9      | 6804 ||| PLANNING D:1-11
  6835 | D:9      | Noticed a soul eater
  6843 | D:9      | Reached skill level 11 in Axes
  6901 | D:9      | 6901 ||| Stepping ~*~*~tactically~*~*~ (hiding).
  7063 | D:10     | Entered Level 10 of the Dungeon
  7189 | D:10     | Noticed a two-headed ogre
  7202 | D:10     | Killed a two-headed ogre
  7202 | D:10     | Reached * piety under Okawaru
  7298 | D:10     | Found a staircase to the Lair.
  7347 | D:10     | Identified the +1 leather armour of Zacih {rElec rC+ rCorr}
  7367 | D:10     | Noticed a two-headed ogre
  7368 | D:10     | 7368 ||| INVOKING Heroism.
  7369 | D:10     | 7369 ||| INVOKING Heroism.
  7378 | D:10     | Killed a two-headed ogre
  7379 | D:10     | Reached skill level 9 in Fighting
  7449 | D:10     | 7449 ||| INVOKING Heroism.
  7464 | D:10     | 7464 ||| INVOKING Heroism.
  7537 | D:10     | 7537 ||| INVOKING Heroism.
  7559 | D:10     | 7559 ||| Stepping ~*~*~tactically~*~*~ (stealth).
  7561 | D:10     | 7561 ||| Stepping ~*~*~tactically~*~*~ (hiding).
  7562 | D:10     | 7562 ||| Stepping ~*~*~tactically~*~*~ (hiding).
  7581 | D:10     | 7581 ||| Stepping ~*~*~tactically~*~*~ (hiding).
  7582 | D:10     | 7582 ||| Stepping ~*~*~tactically~*~*~ (hiding).
  7597 | D:10     | 7597 ||| FLEEEEING.
  7647 | D:10     | 7647 ||| INVOKING Heroism.
  7687 | D:10     | 7687 ||| INVOKING Heroism.
  7732 | D:10     | Found a staircase to the Orcish Mines.
  7783 | D:10     | 7783 ||| PLANNING LAIR
  7783 | D:10     | 7783 ||| READING scroll labelled FOUWKUGOPTESH.
  7784 | D:10     | 7784 ||| READING 7 scrolls of identify.
  7784 | D:10     | 7784 ||| IDENTIFYING fizzy silvery potion
  7785 | D:10     | 7785 ||| DROPPING potion of berserk rage.
  7807 | Lair:1   | Entered Level 1 of the Lair of Beasts
  7820 | Lair:1   | Reached skill level 1 in Invocations
  7871 | Lair:1   | 7871 ||| INVOKING Heroism.
  7887 | Lair:1   | 7887 ||| INVOKING Heroism.
  7923 | Lair:1   | 7923 ||| INVOKING Heroism.
  7975 | Lair:1   | 7975 ||| Stepping ~*~*~tactically~*~*~ (stealth).
  7985 | Lair:1   | Reached skill level 3 in Invocations
  8072 | Lair:1   | 8072 ||| Stepping ~*~*~tactically~*~*~ (stealth).
  8102 | Lair:1   | Noticed a death yak
  8104 | Lair:1   | 8104 ||| Stepping ~*~*~tactically~*~*~ (stealth).
  8106 | Lair:1   | 8106 ||| INVOKING Heroism.
  8123 | Lair:1   | Killed a death yak
  8123 | Lair:1   | Reached ** piety under Okawaru
  8124 | Lair:1   | Reached XP level 12. HP: 76/76 MP: 12/15
  8179 | Lair:1   | 8179 ||| INVOKING Heroism.
  8215 | Lair:1   | 8215 ||| Stepping ~*~*~tactically~*~*~ (stealth).
  8218 | Lair:1   | Noticed a boulder beetle
  8219 | Lair:1   | 8219 ||| INVOKING Heroism.
  8227 | Lair:1   | Reached skill level 12 in Axes
  8235 | Lair:1   | Noticed a death yak
  8242 | Lair:1   | Noticed a death yak
  8243 | Lair:1   | Noticed a death yak
  8246 | Lair:1   | Noticed a death yak
  8246 | Lair:1   | Noticed a death yak
  8247 | Lair:1   | Noticed a death yak
  8254 | Lair:1   | Killed a death yak
  8261 | Lair:1   | 8261 ||| INVOKING Heroism.
  8267 | Lair:1   | Killed a death yak
  8273 | Lair:1   | Killed a death yak
  8276 | Lair:1   | Killed a death yak
  8277 | Lair:1   | Killed a death yak
  8277 | Lair:1   | Reached *** piety under Okawaru
  8282 | Lair:1   | Killed a death yak
  8290 | Lair:1   | Killed a boulder beetle
  8380 | Lair:1   | 8380 ||| DROPPING +3 war axe.
  8736 | Lair:1   | Noticed a skyshark
  8758 | Lair:1   | Killed a skyshark
  8759 | Lair:1   | Reached skill level 9 in Armour
  8813 | Lair:1   | 8813 ||| UPGRADING to +5 ring of evasion.
  8815 | Lair:1   | 8815 ||| DROPPING ring of positive energy.
  8816 | Lair:1   | 8816 ||| READING 3 scrolls labelled WIUSEO NUKIZUF.
  8817 | Lair:1   | 8817 ||| DROPPING 2 scrolls of noise.
  8848 | Lair:2   | Noticed a boulder beetle
  8848 | Lair:2   | Noticed a boulder beetle
  8849 | Lair:2   | 8849 ||| INVOKING Heroism.
  8866 | Lair:2   | Killed a boulder beetle
  8879 | Lair:2   | 8879 ||| STAIRDANCE
  8881 | Lair:1   | 8881 ||| INVOKING Heroism.
  8896 | Lair:1   | Killed a boulder beetle
  8896 | Lair:1   | Received a gift from Okawaru
  8896 | Lair:1   | Reached **** piety under Okawaru
  9073 | Lair:2   | 9073 ||| INVOKING Heroism.
  9140 | Lair:2   | 9140 ||| Stepping ~*~*~tactically~*~*~ (hiding).
  9142 | Lair:2   | 9142 ||| Stepping ~*~*~tactically~*~*~ (hiding).
  9146 | Lair:2   | 9146 ||| INVOKING Heroism.
  9234 | Lair:2   | 9234 ||| Stepping ~*~*~tactically~*~*~ (stealth).
  9236 | Lair:2   | 9236 ||| INVOKING Heroism.
  9274 | Lair:2   | Identified the +0 robe "Vecsiw" {rCorr Dex+4}
  9303 | Lair:2   | Reached XP level 13. HP: 82/82 MP: 17/17
  9359 | Lair:2   | 9359 ||| INVOKING Heroism.
  9376 | Lair:2   | 9376 ||| Stepping ~*~*~tactically~*~*~ (stealth).
  9382 | Lair:2   | Reached skill level 6 in Invocations
  9386 | Lair:2   | Reached skill level 13 in Axes
  9397 | Lair:2   | 9397 ||| INVOKING Heroism.
  9558 | Lair:2   | 9558 ||| INVOKING Heroism.
  9564 | Lair:2   | 9564 ||| Stepping ~*~*~tactically~*~*~ (hiding).
  9578 | Lair:2   | 9578 ||| INVOKING Heroism.
  9598 | Lair:2   | 9598 ||| Stepping ~*~*~tactically~*~*~ (cloud).
  9686 | Lair:2   | 9686 ||| FLEEEEING.
  9689 | Lair:2   | 9689 ||| FLEEEEING.
  9690 | Lair:2   | 9690 ||| FLEEEEING.
  9691 | Lair:2   | 9691 ||| FLEEEEING.
  9692 | Lair:2   | 9692 ||| FLEEEEING.
  9693 | Lair:2   | 9693 ||| FLEEEEING.
  9694 | Lair:2   | 9694 ||| FLEEEEING.
  9695 | Lair:2   | 9695 ||| FLEEEEING.
  9696 | Lair:2   | 9696 ||| INVOKING Heroism.
  9770 | Lair:2   | 9770 ||| INVOKING Heroism.
  9849 | Lair:2   | 9849 ||| READING scroll of enchant armour.
  9849 | Lair:2   | 9849 ||| ENCHANTING +1 plate armour.
 10120 | Lair:2   | 10120 ||| INVOKING Heroism.
 10170 | Lair:2   | 10170 ||| Stepping ~*~*~tactically~*~*~ (hiding).
 10175 | Lair:2   | 10175 ||| INVOKING Heroism.
 10198 | Lair:2   | 10198 ||| Stepping ~*~*~tactically~*~*~ (stealth).
 10199 | Lair:2   | Found a staircase to the Swamp.
 10213 | Lair:2   | 10213 ||| UPGRADING to +0 helmet.
 10218 | Lair:2   | 10218 ||| DROPPING +6 ring of intelligence.
 10376 | Lair:3   | 10376 ||| Stepping ~*~*~tactically~*~*~ (hiding).
 10382 | Lair:3   | 10382 ||| INVOKING Heroism.
 10404 | Lair:3   | 10404 ||| Stepping ~*~*~tactically~*~*~ (water).
 10409 | Lair:3   | 10409 ||| Stepping ~*~*~tactically~*~*~ (cloud).
 10422 | Lair:3   | 10422 ||| Stepping ~*~*~tactically~*~*~ (cloud).
 10424 | Lair:3   | 10424 ||| Stepping ~*~*~tactically~*~*~ (cloud).
 10431 | Lair:3   | HP: 18/82 [something (8)]
 10432 | Lair:3   | 10432 ||| DRINKING 3 potions of heal wounds.
 10433 | Lair:3   | 10433 ||| DRINKING 2 potions of heal wounds.
 10434 | Lair:3   | 10434 ||| INVOKING Heroism.
 10435 | Lair:3   | 10435 ||| Stepping ~*~*~tactically~*~*~ (cloud).
 10436 | Lair:3   | 10436 ||| READING 9 scrolls of teleportation.
 10437 | Lair:3   | 10437 ||| DRINKING potion of heal wounds.
 10514 | Lair:3   | 10514 ||| Stepping ~*~*~tactically~*~*~ (stealth).
 10516 | Lair:3   | 10516 ||| Stepping ~*~*~tactically~*~*~ (stealth).
 10594 | Lair:3   | Reached skill level 9 in Invocations
 10762 | Lair:3   | Identified the +6 falchion of Disorder {flame, rN+ Int-4
                  | Dex+3}
 10830 | Lair:3   | Found a staircase to the Snake Pit.
 10837 | Lair:3   | 10837 ||| Stepping ~*~*~tactically~*~*~ (hiding).
 10838 | Lair:3   | 10838 ||| INVOKING Heroism.
 10880 | Lair:3   | 10880 ||| INVOKING Heroism.
 10953 | Lair:3   | 10953 ||| INVOKING Heroism.
 11150 | Lair:3   | 11150 ||| READING scroll labelled HEWOFRERHU.
 11151 | Lair:3   | 11151 ||| READING 10 scrolls of identify.
 11151 | Lair:3   | 11151 ||| IDENTIFYING puce potion
 11152 | Lair:3   | 11152 ||| DROPPING potion of flight.
 11278 | Lair:4   | 11278 ||| Stepping ~*~*~tactically~*~*~ (stealth).
 11334 | Lair:4   | 11334 ||| Stepping ~*~*~tactically~*~*~ (stealth).
 11349 | Lair:4   | 11349 ||| INVOKING Heroism.
 11507 | Lair:4   | Found a staircase to the Slime Pits.
 11521 | Lair:4   | 11521 ||| READING scroll of enchant weapon.
 11521 | Lair:4   | 11521 ||| ENCHANTING +7 vampiric hand axe.
 11594 | Lair:4   | 11594 ||| INVOKING Heroism.
 11595 | Lair:4   | Found a sparkling altar of Nemelex Xobeh.
 11711 | Lair:4   | Noticed Josephine
 11712 | Lair:4   | 11712 ||| Stepping ~*~*~tactically~*~*~ (hiding).
 11713 | Lair:4   | 11713 ||| Stepping ~*~*~tactically~*~*~ (hiding).
 11713 | Lair:4   | Noticed Kirke
 11714 | Lair:4   | 11714 ||| Stepping ~*~*~tactically~*~*~ (hiding).
 11715 | Lair:4   | 11715 ||| INVOKING Heroism.
 11720 | Lair:4   | HP: 18/82 [wraith[Josephine] (13)]
 11721 | Lair:4   | 11721 ||| READING 9 scrolls of teleportation.
 11721 | Lair:4   | HP: 5/82 [hog[Kirke] (14)]
 11721 | Lair:4   | Mangled by a hog

Levels and vault maps discovered:
D:1:      minmay_arrival_checkered_box, layout_basic, serial_shops, shop,
          hellmonk_ecumenical_altar_lost_god, nicolae_hexahallways
D:2:      layout_loops_ring, basic_altar, kennysheep_donut, item_on_display_a
D:3:      layout_loops_cross, minmay_misc_feat_columns
D:4:      layout_basic, serial_shops, shop, minmay_door_square,
          kennysheep_generic_room_4
D:5:      layout_gridville, minmay_temple_entry_statues_fountains,
          sigmund_edmund_badplayer
D:6:      layout_loops_ring, kennysheep_orc_sif_temple,
          gammafunk_temple_overflow_pools, minivault_24
D:7:      gammafunk_beogh_shrine, layout_basic, serial_glass, glass_columns_c,
          glass_columns_a, glass_columns_b, glass_columns_a, glass_columns_a,
          glass_columns_c, chequers_serial_rivers_small_b, uniq_maggie
D:8:      layout_basic, grunt_temple_overflow_cloverleaf, uniq_grum, uniq_pikel,
          uniq_amaemon
D:9:      layout_basic, lemuel_round_altar, enter_bailey_2,
          gammafunk_ghost_smash
D:10:     layout_big_octagon, david_orc_4, kennysheep_generic_room_6
Temple:   dpeg_chambers_temple
Lair:1:   layout_hall_layers, kennysheep_abandoned_house,
          infiniplex_staircase_pool_2, serial_bayou_shore_a
Lair:2:   layout_regular_city, nicolae_swamp_entry_splash_gauntlet,
          nicolae_lair_lakeside_cave, grunt_megastairs_3, serial_bayou_shore_b
Lair:3:   dreamdust_isle_of_ice, layout_cave_shapes, dummy_snake_entry,
          lemuel_fruit_fields
Lair:4:   layout_regular_city, slime_entry_1, lemuel_oklob_altar, uniq_kirke,
          uniq_josephine

Skill      XL: |  1  2  3  4  5  6  7  8  9 10 11 12 13 |
---------------+----------------------------------------+-----
Axes           | 2 3 4 5 6 7 9 10 11 12 13 | 13.9
Throwing       | 1 2 |  2.0
Shields        | 5 7 8 9 10 11 | 11.0
Fighting       | 5 7 8 9 10 | 10.2
Dodging        | 1 2 |  2.7
Armour         | 4 7 8 9 10 | 10.0
Invocations    | 4 5 10 | 10.0

Action                     |  1- 3 |  4- 6 |  7- 9 | 10-12 | 13-15 || total
---------------------------+-------+-------+-------+-------+-------++-------
  Melee: Hand axe          |    50 |    94 |   180 |   595 |   311 ||  1230
         War axe           |     1 |       |       |       |       ||     1
         Unarmed           |       |       |       |       |     4 ||     4
  Throw: Boomerang         |    17 |    67 |    30 |   100 |    56 ||   270
 Invoke: Heroism           |       |       |       |    18 |    16 ||    34
    Use: Scroll            |     9 |    10 |     6 |     5 |     6 ||    36
         Potion            |       |     1 |     3 |     2 |     3 ||     9
 Armour: Scale mail        |    21 |    18 |       |       |       ||    39
         Chain mail        |       |     6 |    57 |     8 |       ||    71
         Plate armour      |       |       |       |   237 |    93 ||   330
         Skin              |       |       |       |     2 |       ||     2
  Dodge: Dodged            |    18 |    21 |    31 |   118 |   102 ||   290
  Block: Buckler           |     6 |    16 |       |       |       ||    22
         Kite shield       |       |    13 |    66 |   384 |   162 ||   625
         Reflection        |       |       |       |    14 |     2 ||    16
         Other             |       |       |       |       |     2 ||     2

Table legend:
 A = Non-vault XP
 B = Vault XP
 C = Vault XP percentage of total XP
 D = Non-vault monster count
 E = Vault monster count
 F = Vault count percentage of total count
                 A         B        C        D         E       F
            +---------+---------+-------+---------+---------+-------
      Total |   35147 |   17685 |  33.5 |     283 |      90 |  24.1
            +---------+---------+-------+---------+---------+-------
        D:1 |      20 |       0 |   0.0 |      12 |       0 |   0.0
        D:2 |      86 |       0 |   0.0 |      18 |       0 |   0.0
        D:3 |      88 |       0 |   0.0 |      24 |       0 |   0.0
        D:4 |     126 |       0 |   0.0 |      17 |       0 |   0.0
        D:5 |     829 |     380 |  31.4 |      15 |       2 |  11.8
        D:6 |     676 |     298 |  30.6 |      16 |       6 |  27.3
        D:7 |    2113 |     395 |  15.7 |      32 |       1 |   3.0
        D:8 |    1850 |    2307 |  55.5 |      34 |       6 |  15.0
        D:9 |    2440 |       0 |   0.0 |      27 |       0 |   0.0
       D:10 |    2717 |    1186 |  30.4 |       8 |      20 |  71.4
     Lair:1 |   11417 |     993 |   8.0 |      28 |      13 |  31.7
     Lair:2 |    7183 |    7369 |  50.6 |      25 |      25 |  50.0
     Lair:3 |    2439 |    4192 |  63.2 |      15 |      16 |  51.6
     Lair:4 |    3163 |     565 |  15.2 |      12 |       1 |   7.7
            +---------+---------+-------+---------+---------+-------
